 Dungeon Crawl Stone Soup version 0.20.1-1-g8b1a95d (webtiles) character file.

48 jmlagarto the Charlatan (level 3, 0/26 HPs)
             Began as a Barachi Artificer on Sept 15, 2017.
             Killed from afar by Sigmund (7 damage)
             ... with a magic dart
             ... on level 2 of the Dungeon.
             The game lasted 00:05:43 (1770 turns).

jmlagarto the Charlatan (Barachi Artificer)         Turns: 1770, Time: 00:05:43

Health: 0/26       AC:  3    Str: 13    XL:     3   Next: 72%
Magic:  5/5        EV: 12    Int: 11    God:
Gold:   87         SH:  0    Dex: 13    Spells: 2/2 levels left

rFire    . . .     SeeInvis .   a - +0 short sword
rCold    . . .     Gourm    .   (no shield)
rNeg     . . .     Faith    .   b - +0 leather armour
rPois    .         Spirit   .   (no helmet)
rElec    .         Reflect  .   (no cloak)
rCorr    .         Harm     .   (no gloves)
MR       .....                  (no boots)
Stlth    +.........             (no amulet)
Regen    0.1/turn               (no ring)
MPRegen  0.1/turn               (no ring)

@: slow
A: +LOS, swims, slowness 1, strong legs 1
a: Hop


You were on level 2 of the Dungeon.
You were not hungry.

You visited 1 branch of the dungeon, and saw 2 of its levels.

You collected 87 gold pieces.

Inventory:

Hand Weapons
 a - a +0 short sword (weapon)
Armour
 b - a +0 leather armour (worn)
Wands
 c - a wand of flame (7/48)
 d - a wand of enslavement (13/24)
 e - a wand of random effects (8/48)
 l - a wand of random effects (39/48)
Scrolls
 i - a scroll of random uselessness {unknown}
 j - 3 scrolls of blinking {unknown}
 k - a scroll of enchant weapon {unknown}
Potions
 g - a potion of degeneration {unknown}
 h - 2 potions of lignification {unknown}
Comestibles
 f - a bread ration


   Skills:
 + Level 1.6 Fighting
 + Level 2.1 Short Blades
 + Level 1.3 Armour
 + Level 2.5 Dodging
 + Level 0.8 Stealth
 + Level 3.9 Evocations


You had 2 spell levels left.
You didn't know any spells.

Dungeon Overview and Level Annotations

Branches:
Dungeon (2/15)

Altars:

Annotations:
D:2 Sigmund


Innate Abilities, Weirdness & Mutations

Shadows flee at your approach. (+LOS)
You can swim through water.
You cover ground slowly.
You can hop short distances.


Message History

You hear some strange, mumbled words.
Something tries to affect you, but you resist.
A magic dart appears from out of thin air!
The magic dart hits you!
A goblin comes into view.
Evoke which item? (* to show all) (? for menu, Esc to quit)
Aiming: Random Effects
Press: ? - help, Shift-Dir - straight line, f - goblin
Aim: a goblin Nothing appears to happen.
This wand has 8 charges left.
A magic dart appears from out of thin air!
The magic dart hits you!
A magic dart appears from out of thin air!
The magic dart hits you! Something hits you.
* * * LOW HITPOINT WARNING * * *
There is a stone staircase leading up, spattered with blood here.
A magic dart appears from out of thin air!
The magic dart hits you!
You die... ######### #.......# #.#...#.# #..@....######## #............... #..g....####### g.g

#.#..........#
gg
#.......####.#
.. ####..###
#.# gg #..#
#.# .#
#......##.# .#
##.###.##)# .#


You could see a goblin.

Vanquished Creatures
  Robin (D:1)
  An ooze (D:1)
  2 leopard geckos (D:1)
  4 bats (D:1)
  A giant cockroach (D:1)
  6 goblins
  2 hobgoblins (D:1)
  7 kobolds (D:1)
  3 frilled lizards (D:1)
  3 rats (D:1)
30 creatures vanquished.

Vanquished Creatures (others)
  A hobgoblin (D:2)
1 creature vanquished.

Grand Total: 31 creatures vanquished

Notes
Turn   | Place    | Note
-------+----------+-------------------------------------------
     0 | D:1      | jmlagarto the Barachi Artificer began the quest for the Orb.
     0 | D:1      | Reached XP level 1. HP: 15/15 MP: 3/3
   505 | D:1      | Reached XP level 2. HP: 21/21 MP: 4/4
   895 | D:1      | Reached XP level 3. HP: 18/26 MP: 5/5
  1384 | D:1      | Reached skill level 1 in Armour
  1413 | D:2      | Noticed Robin
  1446 | D:2      | Noticed Sigmund
  1471 | D:1      | Killed Robin
  1770 | D:2      | Killed from afar by Sigmund

Skill      XL: |  1  2  3 |
---------------+----------+-----
Armour         | 1 |  1.3
Short Blades   | 2 |  2.1
Fighting       | |  1.6
Dodging        | |  2.5
Stealth        | |  0.8
Evocations     | |  3.9

Action                   || total
-------------------------++-------
Melee: Short sword       ||   118
Evoke: Wand              ||    17
 Stab: Sleeping          ||     2
  Eat: Bread ration      ||     1
       Chunk             ||     1
Armor: Leather armour    ||    39
Dodge: Dodged            ||    85
